 Dungeon Crawl Stone Soup version 0.29.1-12-g30fa7ad0bf (webtiles) character file.

Game seed: 5484943194834263844

14695 sweetbreads the Earth Mage (level 12, 0/70 HPs)
             Began as a Gargoyle Earth Elementalist on Dec 28, 2022.
             Was an Elder of Sif Muna.
             Slain by a boulder beetle (17 damage)
             ... on level 9 of the Dungeon.
             The game lasted 01:14:30 (12566 turns).

sweetbreads the Earth Mage (GrEE)                  Turns: 12566, Time: 01:14:31

Health: 0/70       AC: 18    Str: 14    XL:     12   Next: 19%
Magic:  8/18       EV: 17    Int: 21    God:    Sif Muna [****..]
Gold:   634        SH:  5    Dex: 10    Spells: 13/19 levels left

rFire   . . .      SeeInvis +   a - +2 mace (venom)
rCold   . . .      Faith    .   (no shield)
rNeg    + . .      Spirit   .   A - +2 robe {Archmagi}
rPois   ∞          Reflect  +   B - +3 crown of Dyrovepreva {rElec Int+2 SInv}
rElec   +          Harm     .   D - +0 cloak
rCorr   .          Rampage  .   (no gloves)
Will    .....      Archmagi +   C - +1 pair of boots
Stlth   ++........              g - amulet of reflection
HPRegen 0.21/turn               t - +4 ring of evasion
MPRegen 0.16/turn               (no ring)

@: no status effects
A: sickness immunity, AC +8, negative energy resistance 1, electricity
resistance, torment resistance 1, petrification resistance
a: Renounce Religion, Channel Magic, Forget Spell, Divine Exegesis


You were on level 9 of the Dungeon.
You worshipped Sif Muna.
Sif Muna was greatly pleased with you.
You visited 2 branches of the dungeon, and saw 10 of its levels.
You also visited: Sewer and Bailey.

You collected 706 gold pieces.
You spent 72 gold pieces at shops.

Inventory:

Hand Weapons
 a - a +2 mace of venom (weapon)
 b - a +3 spectral dire flail
 F - a +0 arbalest
 G - a +2 dagger of pain
 I - a +1 glaive of venom
 J - a +0 shortbow of flaming
 O - a +0 vorpal scimitar
 Z - a +0 spectral quarterstaff
Missiles
 y - a curare-tipped dart
 z - 20 poisoned darts
 K - a silver boomerang
 S - a throwing net
Armour
 m - a +3 ring mail of cold resistance
 p - a +0 cloak
 A - a +2 robe of the Archmagi (worn)
 B - the +3 crown of Dyrovepreva (worn) {rElec Int+2 SInv}
   (You acquired it on level 8 of the Dungeon)

   Int:       It affects your intelligence (+2).
   rElec:     It insulates you from electricity.
   SInv:      It lets you see invisible.
 C - a +1 pair of boots (worn)
 D - a +0 cloak (worn)
 H - a +2 ring mail of cold resistance
 L - a +1 leather armour of fire resistance
Jewellery
 g - an amulet of reflection (around neck)
 t - a +4 ring of evasion (left hand)
Wands
 P - a wand of paralysis (10)
 Q - a wand of flame (22)
 R - a wand of iceblast (11)
 U - a wand of polymorph (3)
Scrolls
 c - 2 scrolls of identify
 i - a scroll of fear
 k - a scroll of blinking
 n - 2 scrolls of magic mapping
 s - 8 scrolls of teleportation
 u - a scroll of immolation
 w - 2 scrolls of summoning
 x - a scroll of torment {unknown}
 E - a scroll of amnesia
 M - 2 scrolls of brand weapon
 N - a scroll of poison
Potions
 d - 4 potions of curing
 e - 4 potions of brilliance
 f - 2 potions of invisibility
 h - 2 potions of lignification
 j - 4 potions of cancellation {unknown}
 l - 2 potions of attraction {unknown}
 o - a potion of haste {unknown}
 q - a potion of might {unknown}
 v - 5 potions of magic
 T - a potion of degeneration {unknown}
 W - 2 potions of mutation {unknown}
 X - 2 potions of flight
Miscellaneous
 r - a tin of tremorstones (2/2)


   Skills:
 - Level 6.0 Fighting
 - Level 4.0 Maces & Flails
 * Level 4.4 Dodging
 - Level 4.0 Stealth
 - Level 4.0 Spellcasting
 + Level 7.3 Conjurations
 - Level 1.0 Transmutations
 - Level 17.0 Earth Magic
 * Level 6.1 Invocations


You had 13 spell levels left.
You knew the following spells:

 Your Spells              Type           Power      Damage    Failure   Level
a - Sandblast             Erth           100%       2d20      0%          1
b - Stone Arrow           Conj/Erth      100%       3d13      1%          3
z - Passwall              Tmut/Erth      48%        N/A       1%          2

Your spell library contained the following spells:

 Spells                   Type           Power      Damage    Failure   Level
 Petrify                  Tmut/Erth      58%        N/A       3%          4
 Sting                    Tmut/Pois      36%        1d4       10%         1
 Iskenderun's Battlesphe  Conj           51%        2d10      16%         5
 Poisonous Vapours        Pois/Air       12%        N/A       19%         2
 Fireball                 Conj/Fire      14%        3d8       58%         5
 Olgreb's Toxic Radiance  Pois           6%         N/A       75%         4
 Conjure Ball Lightning   Conj/Air       14%        3x3d6     99%         6
 Orb of Destruction       Conj           25%        9d9       99%         7


Dungeon Overview and Level Annotations

Branches:
Dungeon (9/15)             Temple (1/1) D:4             Orc (0/2) D:9
  Sewer (visited)          Bailey (visited)
   Lair: D:8-11

Altars:
Ashenzari
Cheibriados
Dithmenos
Elyvilon
Fedhas
Gozag
Hepliaklqana
Kikubaaqudgha
Makhleb
Nemelex Xobeh
Okawaru
Qazlal
Ru
Sif Muna
Trog
Uskayaw
Vehumet
Wu Jian
Xom
Yredelemnul
Zin
The Shining One

Shops:
D:7 =   D:9 *

Annotations:
D:6 2 runed translucent doors, SirLogeyBear's ghost, novice HOBe


Innate Abilities, Weirdness & Mutations

You are immune to sickness and miasma.
Your stone body is resilient. (AC +8)
You are immune to poison.
You resist negative energy. (rN+)
You are resistant to electric shocks. (rElec)
You are resistant to unholy torment.
You are immune to petrification.


Message History

Aim: a boulder beetle (lightly wounded, 100% to hit)
You feel a surge of power!
The stone arrow hits the boulder beetle!
The boulder beetle is moderately wounded.
The boulder beetle curls into a ball and begins rolling!
Unknown command.
Casting: Stone Arrow (safe; 1% risk of failure)
Confirm with . or Enter, or press ? or * to list all spells.
Aiming: Stone Arrow (safe; 1% risk of failure)
Press: ? - help, Shift-Dir - straight line, f/p - boulder beetle
Aim: a boulder beetle (moderately wounded, rolling, 100% to hit)
You feel a surge of power!
The stone arrow hits the boulder beetle!!
The boulder beetle is heavily wounded.
Casting: Stone Arrow (safe; 1% risk of failure)
Confirm with . or Enter, or press ? or * to list all spells.
Aiming: Stone Arrow (safe; 1% risk of failure)
Press: ? - help, Shift-Dir - straight line, f/p - boulder beetle
Aim: a boulder beetle (heavily wounded, rolling, 100% to hit)
You feel a surge of power!
The stone arrow hits the boulder beetle.
The boulder beetle is heavily wounded.
The boulder beetle hits you!!!
Ouch! That really hurt!
The boulder beetle stops rolling and uncurls.
Unknown command.
You hit the boulder beetle but do no damage.
The boulder beetle is poisoned.
The boulder beetle is heavily wounded.
The boulder beetle closely misses you.
The boulder beetle leaps!
The boulder beetle curls into a ball and begins rolling!
The boulder beetle hits you!
* * * LOW HITPOINT WARNING * * *
The boulder beetle stops rolling and uncurls.
You hit the boulder beetle but do no damage.
The boulder beetle looks even sicker.
The boulder beetle is severely wounded.
The boulder beetle bites you!
You die...

..#...#.####......##
..##.##.[.#....#...########
.....#.....<......###...#.##
................####.......###
(.....#.#.........##.........#
)).....∩....#..........#....##
......#.#...#.°.......####.##
...#...........B....### ###
......########..@.### .....##
##....# ....## ##....# ...##
#..}.# ##.# .# #.....# .### ..
'......# ## .# #........ #
##### .## #......## ).. ..


You could see a boulder beetle (very poisoned).

Vanquished Creatures
  A hydra (D:9)
  Harold (D:9)
  4 two-headed ogres
  2 centaur warriors (D:9)
  A deep elf pyromancer (D:9)
  2 ugly things (D:9)
  A manticore (D:8)
  Maurice (D:9)
  Joseph (D:9)
  A kobold demonologist (D:9)
  A freezing wraith (D:9)
  An efreet (D:9)
  A hornet (D:8)
  2 spriggans (Bailey)
  A wyvern (D:9)
  2 shadows (D:9)
  Eustachio (D:6)
  2 yaks (D:9)
  2 steam dragons
  A vampire mosquito (D:9)
  Edmund (D:5)
  2 acid dragons (D:9)
  3 water moccasins
  Duvessa (D:6)
  7 orc warriors
  3 black bears
  A sky beast (D:7)
  An ice beast (D:7)
  4 ogres
  3 centaurs
  5 phantoms
  2 kobold brigands
  2 necrophages
  A scorpion (D:6)
  2 gnoll sergeants
  Dowan (D:6)
  3 wights
  4 killer bees (D:8)
  6 howler monkeys
  4 hounds
  An iron imp (D:6)
  2 jellies (D:5)
  5 quasits (D:6)
  5 orc priests
  A gnoll bouda (D:5)
  An iguana (D:4)
  12 orc wizards
  18 gnolls
  6 adders
  3 shadow imps (D:6)
  8 white imps
  4 ufetubi (D:6)
  2 worms (D:2)
  23 orcs
  9 endoplasms
  12 giant cockroaches
  11 goblins
  8 hobgoblins
  9 jackals (D:1)
  19 kobolds
  5 quokkas
  9 ball pythons
  5 bats
  2 frilled lizards (D:1)
  9 rats (D:1)
274 creatures vanquished.

Vanquished Creatures (collateral kills)
  A wight (D:8)
1 creature vanquished.

Vanquished Creatures (others)
  An orc wizard (D:9)
  7 demonic plants (D:6)
8 creatures vanquished.

Grand Total: 283 creatures vanquished

Notes
Turn   | Place    | Note
-------+----------+-------------------------------------------
     0 | D:1      | sweetbreads the Gargoyle Earth Elementalist began the quest
                  | for the Orb.
     0 | D:1      | Reached XP level 1. HP: 10/10 MP: 3/3
     1 | D:1      | Found a runed translucent door.
    82 | D:2      | Reached XP level 2. HP: 15/15 MP: 3/5
    84 | D:2      | Reached skill level 4 in Earth Magic
    84 | D:2      | Reached XP level 3. HP: 19/19 MP: 1/6
   524 | D:1      | Learned a level 3 spell: Stone Arrow
   742 | D:2      | Reached XP level 4. HP: 24/24 MP: 3/8
  1137 | D:1      | Reached skill level 1 in Transmutations
  1833 | D:2      | Reached XP level 5. HP: 28/28 MP: 4/9
  2183 | D:3      | Found a faded altar of an unknown god.
  2203 | D:3      | Reached skill level 1 in Conjurations
  2599 | D:4      | Found a sparkling altar of Nemelex Xobeh.
  2599 | D:4      | Found a shimmering blue altar of Sif Muna.
  2820 | D:4      | Found a glowing drain.
  2824 | Sewer    | Entered a sewer
  2849 | Sewer    | Reached XP level 6. HP: 32/32 MP: 9/11
  2959 | Sewer    | Noticed a water moccasin
  2981 | Sewer    | Killed a water moccasin
  2982 | Sewer    | Reached skill level 5 in Earth Magic
  3081 | D:4      | Found a staircase to the Ecumenical Temple.
  3096 | Temple   | Entered the Ecumenical Temple
  3340 | D:4      | Learned a level 2 spell: Passwall
  3385 | D:4      | Became a worshipper of Sif Muna the Loreminder
  3395 | D:5      | Entered Level 5 of the Dungeon
  3626 | D:4      | Reached skill level 1 in Fighting
  3626 | D:4      | Reached skill level 6 in Earth Magic
  3626 | D:4      | Reached XP level 7. HP: 29/38 MP: 7/13
  4322 | D:5      | Reached skill level 7 in Earth Magic
  4388 | D:5      | Reached XP level 8. HP: 38/45 MP: 4/14
  4583 | D:5      | Noticed a two-headed ogre
  4632 | D:5      | Reached skill level 8 in Earth Magic
  4787 | D:5      | Reached * piety under Sif Muna
  4795 | D:5      | Killed a two-headed ogre
  4796 | D:5      | Reached skill level 9 in Earth Magic
  4874 | D:5      | Reached skill level 10 in Earth Magic
  4874 | D:5      | Reached XP level 9. HP: 52/52 MP: 12/15
  5076 | D:6      | Noticed Eustachio
  5078 | D:6      | Reached skill level 1 in Maces & Flails
  5080 | D:6      | Killed Eustachio
  5081 | D:6      | Noticed Edmund
  5125 | D:5      | Reached skill level 5 in Conjurations
  5166 | D:5      | Killed Edmund
  5167 | D:5      | Reached skill level 11 in Earth Magic
  5639 | D:6      | Noticed Duvessa
  5639 | D:6      | Noticed Dowan
  5779 | D:6      | Reached skill level 5 in Fighting
  5889 | D:6      | Killed Duvessa
  5897 | D:6      | Killed Dowan
  5897 | D:6      | Reached ** piety under Sif Muna
  5962 | D:6      | Found a bloodstained altar of Trog.
  6018 | D:6      | Found a snail-covered altar of Cheibriados.
  6063 | D:6      | Found a runed translucent door.
  6064 | D:6      | Noticed SirLogeyBear's ghost (novice HOBe)
  6077 | D:6      | Reached skill level 12 in Earth Magic
  6175 | D:6      | Found a radiant altar of Vehumet.
  6267 | D:6      | Found a runed translucent door.
  6441 | D:7      | Found a glowing silver altar of Zin.
  6537 | D:7      | Reached XP level 10. HP: 59/59 MP: 13/16
  7173 | D:7      | Reached skill level 1 in Invocations
  7238 | D:7      | Found Qalouh's Jewellery Emporium.
  7773 | D:8      | Identified a scroll of acquirement
  7773 | D:8      | Acquired the +3 crown of Dyrovepreva {rElec Int+2 SInv}
  7773 | D:8      | Found the +3 crown of Dyrovepreva {rElec Int+2 SInv}
  7803 | D:8      | Reached skill level 13 in Earth Magic
  7882 | D:8      | Noticed a manticore
  7888 | D:8      | Killed a manticore
  8516 | D:9      | Found a flagged portal.
  8543 | Bailey   | Entered a bailey
  8560 | Bailey   | Reached *** piety under Sif Muna
  8637 | Bailey   | Noticed a two-headed ogre
  8642 | Bailey   | Killed a two-headed ogre
  8643 | Bailey   | Reached skill level 14 in Earth Magic
  8883 | D:9      | Reached XP level 11. HP: 64/64 MP: 13/17
  8895 | D:9      | Found Baah's General Store.
  8915 | D:9      | Bought a scroll of identify for 24 gold pieces
  8926 | D:9      | Bought a potion of brilliance for 48 gold pieces
  8955 | D:9      | Noticed Joseph
  8958 | D:9      | Noticed a two-headed ogre
  8967 | D:9      | Killed Joseph
  9123 | D:9      | Noticed Harold
  9243 | D:9      | Noticed Maurice
  9244 | D:9      | Noticed a centaur warrior
  9246 | D:9      | Noticed a purple ugly thing
  9495 | D:9      | Noticed a centaur warrior
  9697 | D:9      | Killed a centaur warrior
  9698 | D:9      | Reached skill level 15 in Earth Magic
  9767 | D:9      | Killed a two-headed ogre
  9826 | D:9      | Killed Maurice
 10058 | D:9      | Found a staircase to the Orcish Mines.
 10373 | D:9      | Killed a centaur warrior
 10378 | D:9      | Reached skill level 5 in Invocations
 10600 | D:9      | Noticed a two-headed ogre
 10604 | D:9      | HP: 1/64 [two-headed ogre/+0 giant spiked club (21)]
 10934 | D:8      | Killed a two-headed ogre
 10935 | D:8      | Reached skill level 16 in Earth Magic
 11239 | D:9      | Noticed a boulder beetle
 11760 | D:9      | Killed a purple ugly thing
 11766 | D:9      | Noticed a five-headed hydra
 11775 | D:9      | Killed a five-headed hydra
 11865 | D:9      | Reached **** piety under Sif Muna
 11931 | D:9      | Reached XP level 12. HP: 70/70 MP: 13/18
 12267 | D:9      | Killed Harold
 12509 | D:9      | Reached skill level 17 in Earth Magic
 12566 | D:9      | Slain by a boulder beetle

Illustrated notes

Levels and vault maps discovered:
D:1:      dpeg_arrival_caged_fury, layout_loops_ring
D:2:      layout_loops_ring, minivault_4
D:3:      layout_basic, dreamdust_ecumenical_altar_grove, hex_medium,
          st_stairs_6, minmay_misc_feat_tower, uniq_jessica, uniq_grinder,
          uniq_crazy_yiuf_cottage, uniq_pargi, uniq_ijyb
D:4:      layout_gridville, nicolae_overflow_hidden_temple,
          minmay_temple_entry_antechambers, gup_sewer_entry_bowl
D:5:      layout_cave_pods
D:6:      layout_rooms, vehumet_altar_wand_db, trog_ov_bears_minmay,
          slow_altar_2, serial_demonic, serial_demonic_d, serial_demonic_g,
          serial_demonic_a, serial_demonic_f, serial_demonic_d,
          serial_demonic_e, ebering_ghost_sewer_f, minmay_misc_feat_roman,
          uniq_duvessa, uniq_edmund, uniq_eustachio
D:7:      nicolae_cairo_tiling_large_dashed, layout_cave_pods,
          lemuel_crystal_altar, minmay_shop_enchanted_jewellery
D:8:      layout_gridville
D:9:      hangedman_cross_veins, layout_cave_pools,
          minmay_orc_entry_temple_small, enter_bailey_5, serial_shops,
          nicolae_shop_crystal, doesnt_shop_hydraphobe, uniq_joseph,
          uniq_harold, uniq_maurice
Temple:   compressed_dpeg_triangle_lava_temple

Skill      XL: |  1  2  3  4  5  6  7  8  9 10 11 12 |
---------------+-------------------------------------+-----
Earth Magic    | 4 6 7 10 12 14 16 17 | 17.0
Stealth        | 3 4 |  4.0
Dodging        | 2 4 |  4.4
Transmutations | 1 |  1.0
Spellcasting   | 3 4 |  4.0
Conjurations   | 1 2 3 4 5 6 7 |  7.3
Fighting       | 1 2 4 5 6 |  6.0
Maces & Flails | 3 4 |  4.0
Invocations    | 3 5 6 |  6.1

Action                   |  1- 3 |  4- 6 |  7- 9 | 10-12 || total
-------------------------+-------+-------+-------+-------++-------
Melee: Quarterstaff      |       |    39 |       |       ||    39
       Mace              |       |    13 |    30 |    14 ||    57
       Punch             |       |       |     1 |       ||     1
 Cast: Sandblast         |    43 |    95 |   133 |   164 ||   435
       Passwall          |       |     2 |       |     1 ||     3
       Stone Arrow       |       |       |     3 |    80 ||    83
  Use: Scroll            |       |     4 |       |    18 ||    22
       Potion            |       |       |     1 |     2 ||     3
 Stab: Sleeping          |       |     2 |       |       ||     2
Armor: Robe              |     3 |    20 |    48 |    50 ||   121
Dodge: Dodged            |     6 |    59 |   103 |   137 ||   305
Block: Other             |       |    22 |    30 |    45 ||    97
       Reflection        |       |       |     1 |    11 ||    12
